 Dungeon Crawl Stone Soup version 0.29-a0-495-g17b79114eb (webtiles) character file.

Game seed: 1566287342433633292

4 ultragoat the Skirmisher (level 1, -1/20 HPs)
             Began as a Minotaur Fighter on May 28, 2022.
             Slain by a hobgoblin (4 damage)
             ... on level 1 of the Dungeon.
             The game lasted 00:00:29 (44 turns).

ultragoat the Skirmisher (Minotaur Fighter)           Turns: 44, Time: 00:00:29

Health: -1/20      AC:  7    Str: 20    XL:     1   Next: 58%
Magic:  0/0        EV:  9    Int:  5    God:
Gold:   0          SH:  4    Dex:  9    Spells: 0/0 levels left

rFire   . . .      SeeInvis .   a - +0 trident
rCold   . . .      Faith    .   c - +0 buckler
rNeg    . . .      Spirit   .   b - +0 scale mail
rPois   .          Reflect  .   (helmet restricted)
rElec   .          Harm     .   (no cloak)
rCorr   .          Rampage  .   (no gloves)
Will    .....                   (no boots)
Stlth   ..........              (no amulet)
HPRegen 0.06/turn               (no ring)
MPRegen 0.07/turn               (no ring)

@: no status effects
A: horns 2, retaliatory headbutt
a: no special abilities


You were on level 1 of the Dungeon.
You visited 1 branch of the dungeon, and saw 1 of its levels.

Inventory:

Hand Weapons
 a - a +0 trident (weapon)
Armour
 b - a +0 scale mail (worn)
 c - a +0 buckler (worn)
Potions
 d - a potion of might


   Skills:
 + Level 4.0 Fighting
 + Level 2.4 Polearms
 + Level 3.7 Armour
 + Level 3.6 Shields


You couldn't memorise any spells.
You didn't know any spells.
Your spell library was empty.

Dungeon Overview and Level Annotations

Branches:
Dungeon (1/15)

Altars:


Innate Abilities, Weirdness & Mutations

You have a pair of horns on your head.
You reflexively headbutt those who attack you in melee.


Message History

A dart slug comes into view.
The dart slug launches a dart at you. The slug dart hits you.
The dart slug launches a dart at you. The slug dart misses you.
The dart slug launches a dart at you. The slug dart hits you.
A hobgoblin comes into view.
The hobgoblin shouts!
You hear a shout!
A goblin comes into view. It is wielding a +0 dagger.
The dart slug launches a dart at you. The slug dart misses you.
The goblin shouts!
You hit the dart slug.
The dart slug is heavily wounded.
You puncture the dart slug!
You kill the dart slug!
A giant cockroach and a hobgoblin come into view.
You see here a dart slug corpse.
A frilled lizard comes into view.
The frilled lizard hisses angrily.
The hobgoblin hits you.
A bat comes into view.
A hobgoblin comes into view.
You block the hobgoblin's attack. The goblin hits you with a +0 dagger.
* * * LOW HITPOINT WARNING * * *
Unknown command.
The hobgoblin hits you.
* * * LOW HITPOINT WARNING * * *
The goblin hits you but does no damage.
The hobgoblin shouts!
You hit the goblin.
You kill the goblin!
The bat hits you but does no damage. x2
The hobgoblin hits you but does no damage.
Your Fighting skill increases to level 4!
You closely miss the hobgoblin. Your headbutt misses the hobgoblin.
You block the bat's attack. The hobgoblin barely misses you.
You furiously retaliate!
You headbutt the hobgoblin. The hobgoblin hits you.
You die...

......#.####
#.(....###### ... ##
#............ ....#.
####..........†.
....#.####.....####......
.............#...##......
...........###.#.##......
.........†####.#.##......
.......g@...........##.#.
........gb.....#..####.##
.......lB......##. ...
.................
#..............##
.........g####.#
........... ..
..........## ...........


You could see a giant cockroach, 3 hobgoblins, a bat and a frilled lizard.

Vanquished Creatures
  A dart slug (D:1)
  A goblin (D:1)
  A frilled lizard (D:1)
3 creatures vanquished.

Notes
Turn   | Place    | Note
-------+----------+-------------------------------------------
     0 | D:1      | ultragoat the Minotaur Fighter began the quest for the Orb.
     0 | D:1      | Reached XP level 1. HP: 19/19 MP: 0/0
    44 | D:1      | Reached skill level 4 in Fighting
    44 | D:1      | Slain by a hobgoblin

Illustrated notes

Levels and vault maps discovered:
D:1:      lightli_arrival_statue_moat, layout_rooms, serial_shops,
          nicolae_shop_crystal, minmay_pentomino_v2

Skill      XL: |  1 |
---------------+----+-----
Fighting       | 4 |  4.0
Polearms       | |  2.4
Armour         | |  3.7
Shields        | |  3.6

Action                   || total
-------------------------++-------
Melee: Trident           ||    10
Armor: Scale mail        ||     6
Dodge: Dodged            ||     8
Block: Buckler           ||     2

Table legend: (Time is in decaauts)
 A = Elapsed time spent in this place.
 B = Non-inter-level travel time spent in this place.
 C = Inter-level travel time spent in this place.
 D = Time resting spent in this place.
 E = Time spent auto-exploring this place.
 F = Levels seen in this place.
 G = Mean time per level.
                   A        B        C        D        E       F      G
               +--------+--------+--------+--------+--------+-----+--------+
         Total |     45 |     45 |      0 |      0 |     16 |   1 |   45.0 |
       Dungeon |     45 |     45 |      0 |      0 |     16 |   1 |   45.0 |
               +--------+--------+--------+--------+--------+-----+--------+

Top non-repeatable levels by time:
     D:1: 45 daAuts
